 Dungeon Crawl Stone Soup version 0.31.0-9-g3a7656b989 (webtiles) character file.

Game seed: 625706862565194429

86 qw the Shooter (level 4, -2/25 HPs)
             Began as a Deep Elf Hunter on Feb 2, 2024.
             Slain by an orc
             ... wielding a +0 flail
              (6 damage)
             ... on level 4 of the Dungeon.
             The game lasted 00:00:10 (2463 turns).

qw the Shooter (Deep Elf Hunter)                    Turns: 2463, Time: 00:00:10

Health: -2/25      AC:  7    Str: 10    XL:     4   Next: 27%
Magic:  6/6        EV: 12    Int: 14    God:
Gold:   177        SH:  0    Dex: 20    Spells: 3/3 levels left

rFire   x . .        a - +0 shortbow
rCold   + + .        (shield currently unavailable)
rNeg    . . .        c - +0 leather armour
rPois   .            (no helmet)
rElec   .            (no cloak)
rCorr   .            h - +2 pair of gloves
SInv    .            i - +0 pair of boots
Will    .....        (no amulet)
Stlth   ++           g - ring of Surprise {Ice Dex+2}
HPRegen 0.24/turn    k - ring of protection from cold
MPRegen 0.10/turn

%: no passive effects
@: no status effects
A: no striking features
a: no special abilities


You were on level 4 of the Dungeon.
You visited 1 branch of the dungeon, and saw 4 of its levels.

You collected 177 gold pieces.


   Skills:
 - Level 1.5 Fighting
 + Level 7.7 Ranged Weapons
 - Level 2.4 Dodging
 - Level 1.2 Stealth


You had 3 spell levels left.
You didn't know any spells.
Your spell library was empty.

Inventory:

Hand Weapons
 a - a +0 shortbow (weapon)
Armour
 c - a +0 leather armour (worn)
 h - a +2 pair of gloves (worn)
 i - a +0 pair of boots (worn)
Jewellery
 g - the ring of Surprise (left hand) {Ice Dex+2}
   (You found it on level 2 of the Dungeon)

   [ring of ice]

   Ice:       It enhances your ice magic.
   Dex+2:     It affects your dexterity (+2).
   rF-:       It makes you vulnerable to fire.
   rC+:       It protects you from cold.
 k - a ring of protection from cold (right hand)
Potions
 j - a potion of curing
 l - a potion of haste

Dungeon Overview and Level Annotations

Branches:
Dungeon (4/15)
 Temple: D:4-7

Altars:
Zin


Message History

You shoot an arrow.
The arrow hits the orc priest but does no damage.
The orc priest is severely wounded.
You feel a little less clever now. The orc priest hits you with a +0 whip.
You shoot an arrow. The arrow hits the orc priest!
You kill the orc priest!
The orc wizard closely misses you. The orc barely misses you.
You have reached level 4!
You feel clever.
You shoot an arrow. The arrow hits the orc wizard.
The orc wizard is moderately wounded.
The orc wizard hits you but does no damage.
The orc barely misses you.
You shoot an arrow.
The arrow completely misses the orc wizard.
The orc wizard misses you. The orc closely misses you.
You shoot an arrow.
The arrow closely misses the orc wizard.
The orc wizard hits you with a +0 dagger.
The orc hits you but does no damage.
You shoot an arrow. The arrow barely misses the orc wizard.
The orc wizard casts a spell at you. The puff of flame hits you!
The fire burns you terribly! The orc closely misses you.
You shoot an arrow.
The arrow closely misses the orc wizard.
The orc wizard barely misses you. The orc misses you.
You shoot an arrow. The arrow hits the orc wizard.
The orc wizard is heavily wounded.
The orc wizard hits you but does no damage.
The orc hits you but does no damage.
You shoot an arrow. The arrow hits the orc wizard.
The orc wizard is heavily wounded.
The orc wizard casts a spell at you. The puff of flame misses you.
The orc closely misses you.
You shoot an arrow. The arrow hits the orc wizard.
The orc wizard is heavily wounded.
The orc wizard hits you but does no damage.
The orc hits you with a +0 flail.
You die...

#.# .# #.# .#
#<# #####.# #.#
#.....#
#.####.....####
#..............
#######....#...
#######.####.##
#.....o@)......
#.#####o####...
#.. .... #....
#.?... #.##...
#.. ..##


You could see an orc wizard and an orc.

Vanquished Creatures
  An orc priest (D:4)
  An adder (D:2)
  2 dart slugs
  A ribbon worm (D:2)
  An endoplasm (D:2)
  A goblin (D:2)
  2 hobgoblins
  7 jackals
  4 quokkas
  2 ball pythons
  6 bats
  5 frilled lizards
  3 kobolds
  6 rats
42 creatures vanquished.

Notes
Turn   | Place    | Note
-------+----------+-------------------------------------------
     0 | D:1      | qw the Deep Elf Hunter began the quest for the Orb.
     0 | D:1      | Reached XP level 1. HP: 12/12 MP: 3/3
     0 | D:1      | 0 ||| qw: Version: 0.3-a-155-g5e7d8dd
     0 | D:1      | 0 ||| qw: Game counter: 1265
     0 | D:1      | 0 ||| qw: Melee chars always use a shield: true
     0 | D:1      | 0 ||| qw: God list: Okawaru
     0 | D:1      | 0 ||| qw: Allow faded altars: false
     0 | D:1      | 0 ||| qw: Do Orc after clearing Dungeon:15 true
     0 | D:1      | 0 ||| qw: Do second Lair branch before Depths: true
     0 | D:1      | 0 ||| qw: Lair rune preference: random
     0 | D:1      | 0 ||| qw: Goals: Normal
     0 | D:1      | 0 ||| PLANNING D:1-11
    70 | D:1      | Reached XP level 2. HP: 16/16 MP: 4/4
    97 | D:1      | Reached skill level 6 in Ranged Weapons
   313 | D:1      | You fall into a shaft and drop 1 floor!
   315 | D:2      | 315 ||| DROPPING scroll of butterflies.
   318 | D:2      | 318 ||| FLEEEEING.
   319 | D:2      | 319 ||| FLEEEEING.
   320 | D:2      | 320 ||| FLEEEEING.
   321 | D:2      | 321 ||| FLEEEEING.
   322 | D:2      | 322 ||| FLEEEEING.
   323 | D:2      | 323 ||| STAIRDANCE
   649 | D:1      | 649 ||| UPGRADING to +2 pair of gloves.
   654 | D:1      | 654 ||| DROPPING +6 ring of intelligence.
   655 | D:1      | 655 ||| READING scroll labelled XEATOJ WUH.
   656 | D:1      | 656 ||| READING scroll labelled VOPLIP YTUWY.
   727 | D:2      | Found a glowing silver altar of Zin.
   954 | D:2      | Identified the ring of Surprise {Ice Dex+2}
  1157 | D:2      | Reached XP level 3. HP: 20/20 MP: 5/5
  1494 | D:2      | 1494 ||| UPGRADING to ring of Surprise {Ice Dex+2}.
  1495 | D:2      | 1495 ||| UPGRADING to ring of protection from cold.
  1496 | D:2      | 1496 ||| READING scroll labelled OXZIAG RICU.
  1497 | D:2      | 1497 ||| READING scroll labelled KOUW WACKUUBEL.
  1497 | D:2      | 1497 ||| ENCHANTING +0 shortbow.
  1499 | D:2      | 1499 ||| Stepping ~*~*~tactically~*~*~ (cloud).
  1502 | D:2      | HP: 5/20 [poisoned by you (poison gas)]
  1506 | D:2      | HP: 2/20 [poisoned by you (poison gas)]
  1801 | D:3      | Reached skill level 7 in Ranged Weapons
  2278 | D:3      | 2278 ||| UPGRADING to +0 pair of boots.
  2283 | D:3      | 2283 ||| READING 4 scrolls labelled MACWECR DOSAOG.
  2283 | D:3      | 2283 ||| IDENTIFYING grey potion
  2284 | D:3      | 2284 ||| READING 3 scrolls of identify.
  2284 | D:3      | 2284 ||| IDENTIFYING golden potion
  2285 | D:3      | 2285 ||| READING 2 scrolls of identify.
  2285 | D:3      | 2285 ||| IDENTIFYING sedimented purple potion
  2286 | D:3      | 2286 ||| READING scroll of identify.
  2286 | D:3      | 2286 ||| IDENTIFYING black potion
  2287 | D:3      | 2287 ||| READING scroll labelled BYHUCV ENAOSO.
  2388 | D:3      | 2388 ||| DRINKING 2 ruby potions.
  2389 | D:3      | 2389 ||| DROPPING potion of ambrosia.
  2390 | D:3      | 2390 ||| DROPPING potion of brilliance.
  2391 | D:3      | 2391 ||| DROPPING potion of attraction.
  2456 | D:4      | Reached XP level 4. HP: 14/25 MP: 6/6
  2459 | D:4      | HP: 3/25 [orc wizard/puff of flame (9)]
  2463 | D:4      | Slain by an orc

Levels and vault maps discovered:
D:1:      tekkud_arrival_beachfront_property, layout_basic
D:2:      layout_basic, basic_altar, kennysheep_minor_cross,
          kennysheep_generic_room_4
D:3:      minmay_angry_zag, layout_loops_cross, kennysheep_small_spiral,
          corexii_item_surrounded_by_moat
D:4:      layout_basic

Skill      XL: |  1  2  3 |
---------------+----------+-----
Ranged Weapons | 6 7 |  7.7
Fighting       | |  1.5
Dodging        | |  2.4
Stealth        | |  1.2

Action                     |  1- 3 |  4- 6 || total
---------------------------+-------+-------++-------
   Fire: Shortbow          |   116 |     8 ||   124
    Use: Scroll            |     9 |       ||     9
         Potion            |     1 |       ||     1
 Armour: Leather armour    |    28 |     8 ||    36
  Dodge: Dodged            |    42 |     8 ||    50

Table legend:
 A = Non-vault XP
 B = Vault XP
 C = Vault XP percentage of total XP
 D = Non-vault monster count
 E = Vault monster count
 F = Vault count percentage of total count
                 A         B        C        D         E       F
            +---------+---------+-------+---------+---------+-------
      Total |     113 |      11 |   8.9 |      36 |       6 |  14.3
            +---------+---------+-------+---------+---------+-------
        D:1 |      19 |       0 |   0.0 |      11 |       0 |   0.0
        D:2 |      36 |       1 |   2.7 |      14 |       1 |   6.7
        D:3 |      15 |      10 |  40.0 |      10 |       5 |  33.3
        D:4 |      43 |       0 |   0.0 |       1 |       0 |   0.0
            +---------+---------+-------+---------+---------+-------
